 Dungeon Crawl Stone Soup version 0.28.0-43-g3370ac3207 (webtiles) character file.

Game seed: 3724482265865173348

4887 Peloso the Carver (level 10, -18/88 HPs)
             Began as a Minotaur Fighter on Mar 19, 2022.
             Was an Elder of Okawaru.
             Demolished by an orc warlord
             ... wielding a +0 war axe
              (33 damage)
             ... in a bailey.
             The game lasted 00:16:47 (10339 turns).

Peloso the Carver (Minotaur Fighter)               Turns: 10339, Time: 00:16:48

Health: -18/88     AC: 18    Str: 23    XL:     10   Next: 26%
Magic:  7/10       EV: 11    Int:  5    God:    Okawaru [****..]
Gold:   434        SH:  7    Dex: 14    Spells: 9/9 levels left

rFire   . . .      SeeInvis .   a - +0 long sword
rCold   . . .      Faith    .   c - +0 buckler
rNeg    . . .      Spirit   .   t - +3 chain mail of an ice cave {rElec Dex+2}
rPois   .          Reflect  .   (helmet restricted)
rElec   +          Harm     .   l - +0 cloak
rCorr   .          Rampage  .   (no gloves)
Will    .....                   (no boots)
Stlth   ..........              (no amulet)
HPRegen 0.24/turn               (no ring)
MPRegen 0.12/turn               (no ring)

@: mighty, heroic, hasted, very quick
A: horns 2, retaliatory headbutt
a: Renounce Religion, Heroism, Finesse


You were in a bailey.
You worshipped Okawaru.
Okawaru was greatly pleased with you.
You visited 2 branches of the dungeon, and saw 8 of its levels.
You also visited: Ossuary and Bailey.

You collected 434 gold pieces.

Inventory:

Hand Weapons
 a - a +0 long sword (weapon)
 b - a +1 spear of flaming
Armour
 c - a +0 buckler (worn)
 l - a +0 cloak (worn)
 t - the +3 chain mail of an ice cave (worn) {rElec Dex+2}
   (You took it off a wight on level 5 of the Dungeon)

   Dex:       It affects your dexterity (+2).
   rElec:     It insulates you from electricity.
Jewellery
 k - a ring of protection from cold
 q - a +4 ring of protection
Scrolls
 e - 2 scrolls of fear
 g - 2 scrolls of amnesia
 j - 2 scrolls of enchant armour
 n - a scroll of fog
 s - 2 scrolls of enchant weapon
Potions
 f - 8 potions of curing
 h - a potion of invisibility
 m - 6 potions of flight
 o - a potion of ambrosia
 p - a potion of heal wounds
 r - a potion of experience


   Skills:
 + Level 8.0(13.0) Fighting
 + Level 11.8(16.8) Long Blades
 + Level 10.3(15.3) Armour
 + Level 2.1(7.1) Dodging
 + Level 0.9(5.9) Stealth
 + Level 7.0(12.0) Shields
 + Level 1.7 Invocations


You had 9 spell levels left.
You didn't know any spells.
Your spell library was empty.

Dungeon Overview and Level Annotations

Branches:
Dungeon (7/15)             Temple (1/1) D:4         Ossuary (visited)
 Bailey (1/1)

Altars:
Ashenzari
Cheibriados
Dithmenos
Elyvilon
Fedhas
Gozag
Kikubaaqudgha
Makhleb
Nemelex Xobeh
Okawaru
Ru
Sif Muna
Trog
Uskayaw
Vehumet
Wu Jian
Xom
Yredelemnul
The Shining One

Annotations:
D:3 2 transporters, Ablot's ghost, amateur GnWr
D:7 Joseph; Menkaure; Pikel


Innate Abilities, Weirdness & Mutations

You have a pair of horns on your head.
You reflexively headbutt those who attack you in melee.


Message History

Unknown command.
You slash the goblin!
You kill the goblin!
The orc knight roars a battlecry!
The orc warlord goes into a battle-frenzy!
Unknown command.
You hit the orc but do no damage.
Unknown command.
You slash the orc!
You kill the orc!
Unknown command.
You feel like a meek peon again.
The orc knight no longer looks unusually strong.
The orc warlord roars a battlecry!
The orc knight goes into a battle-frenzy!
There is an open door here.
The orc knight closely misses you.
You feel yourself speed up.
You feel very mighty all of a sudden. The orc knight completely misses you.
You gain the combat prowess of a mighty hero.
The orc knight hits you with a +0 war axe!!
You block the goblin's attack.
You miss the orc knight. You closely miss the orc knight.
The orc knight barely misses you. The goblin completely misses you.
You furiously retaliate!
You headbutt the goblin!
You kill the goblin!
You slice the orc knight!!
The orc knight is moderately wounded.
You slice the orc knight!!
The orc knight is severely wounded.
The orc knight hits you with a +0 war axe!!
* * * LOW HITPOINT WARNING * * *
You hit the orc knight. You headbutt the orc knight!
The orc knight is almost dead.
You closely miss the orc knight.
The orc knight is almost dead.
The orc warlord hits you with a +0 war axe!!
You die...

......#....)......#
......'....)......#
⌠.....#.....).....#
......#...........#
......#......g....#
.o...###.........###
♣♣♣♣♣♣ ...###
###.....#g#.### ♣..♣.♣
.###
###.###oo...###♣♣♣....♣♣
##..
###..@......##.......♣
##..
#...........#........
#...
#...........'.......♣
'.go.
#.....⌠.....'..∩.∩...
#....
#.........))).......♣
##...
#...........#.......♣
##...
###.........##......♣♣
.###.
###.###.)...###♣.♣.....♣
...### ###.....#)#.###
♣♣♣♣.♣.♣♣


You could see an orc warlord (strong), an orc knight (strong) and a hobgoblin.

Vanquished Creatures
  2 orc knights (Bailey)
  Sigmund (D:5)
  3 yaks
  A water moccasin (D:7)
  Duvessa (D:5)
  10 orc warriors (Bailey)
  2 ice beasts
  A sky beast (D:6)
  2 black bears
  A necrophage (D:6)
  2 ogres (D:5)
  2 phantoms
  A lemure (D:7)
  2 kobold brigands (D:6)
  A bullfrog (D:6)
  A scorpion (D:5)
  A jelly (D:6)
  Dowan (D:5)
  4 wights (D:5)
  3 howler monkeys
  2 bullfrog skeletons
  A hound (D:6)
  3 orc priests
  2 iguanas
  3 orc wizards
  A scorpion zombie (D:3)
  2 hound zombies (D:3)
  12 mummies (Ossuary)
  10 gnolls
  5 adders
  2 ufetubi
  An adder zombie (D:3)
  3 dart slugs
  34 orcs
  9 ball pythons
  10 endoplasms
  3 giant cockroaches
  20 goblins
  16 hobgoblins
  4 quokkas
  A bat (D:2)
  4 frilled lizards
  A gnoll skeleton (Ossuary)
  2 goblin skeletons (Ossuary)
  9 kobolds
  A kobold skeleton (Ossuary)
  4 orc skeletons (Ossuary)
  2 quokka skeletons
  6 rats
  11 rat skeletons (Ossuary)
226 creatures vanquished.

Vanquished Creatures (others)
  3 withered plants (D:3)
3 creatures vanquished.

Grand Total: 229 creatures vanquished

Notes
Turn   | Place    | Note
-------+----------+-------------------------------------------
     0 | D:1      | Peloso the Minotaur Fighter began the quest for the Orb.
     0 | D:1      | Reached XP level 1. HP: 19/19 MP: 0/0
   288 | D:1      | Reached XP level 2. HP: 23/27 MP: 1/1
   590 | D:1      | Reached XP level 3. HP: 32/33 MP: 2/2
  1065 | D:2      | Reached skill level 3 in Long Blades
  1443 | D:2      | Reached XP level 4. HP: 41/41 MP: 3/3
  1860 | D:3      | Reached skill level 4 in Long Blades
  1869 | D:3      | Reached XP level 5. HP: 46/47 MP: 4/4
  2114 | D:3      | You fall into a shaft and drop 1 floor!
  2441 | D:4      | Found a staircase to the Ecumenical Temple.
  2456 | Temple   | Entered the Ecumenical Temple
  2558 | Temple   | Became a worshipper of Warmaster Okawaru
  2724 | D:4      | Reached skill level 5 in Long Blades
  2728 | D:4      | Reached skill level 5 in Armour
  2735 | D:4      | Reached XP level 6. HP: 47/55 MP: 5/5
  2848 | D:4      | Reached skill level 5 in Fighting
  2967 | D:4      | Reached * piety under Okawaru
  2988 | D:4      | Reached skill level 6 in Long Blades
  4368 | D:3      | Found a transporter.
  4369 | D:3      | Noticed Ablot's ghost (amateur GnWr)
  4371 | D:3      | Found a transporter.
  4461 | D:3      | Reached XP level 7. HP: 53/61 MP: 6/6
  4895 | D:5      | Entered Level 5 of the Dungeon
  5010 | D:5      | Noticed Sigmund
  5017 | D:5      | Killed Sigmund
  5046 | D:5      | Found a sparkling altar of Nemelex Xobeh.
  5119 | D:5      | Noticed Dowan
  5133 | D:5      | Killed Dowan
  5134 | D:5      | Reached skill level 7 in Long Blades
  5139 | D:5      | Noticed Duvessa
  5152 | D:5      | HP: 2/62 [Duvessa/+1 short sword of freezing (2)]
  5154 | D:5      | Killed Duvessa
  5154 | D:5      | Reached ** piety under Okawaru
  5155 | D:5      | Reached skill level 5 in Shields
  5530 | D:5      | Reached XP level 8. HP: 38/70 MP: 7/7
  5766 | D:5      | Reached skill level 8 in Long Blades
  5773 | D:5      | Identified the +3 chain mail of an ice cave {rElec Dex+2}
  6559 | D:6      | Reached skill level 9 in Long Blades
  6566 | D:6      | Reached skill level 1 in Dodging
  6838 | D:6      | Reached *** piety under Okawaru
  6990 | D:6      | Reached XP level 9. HP: 57/78 MP: 8/8
  7582 | D:6      | Reached skill level 10 in Long Blades
  7612 | D:6      | Found a glowing golden altar of the Shining One.
  7933 | D:6      | Found a hide-covered altar of Uskayaw.
  8243 | D:7      | Found a sand-covered staircase.
  8250 | Ossuary  | Entered an ossuary
  8335 | Ossuary  | Received a gift from Okawaru
  8643 | D:7      | Noticed Pikel
  8668 | D:7      | Noticed Menkaure
  8677 | D:7      | Noticed Joseph
  8689 | D:7      | Found a flagged portal.
  8704 | Bailey   | Entered a bailey
  9389 | Bailey   | Reached skill level 11 in Long Blades
  9412 | Bailey   | Reached **** piety under Okawaru
  9578 | Bailey   | Noticed an orc knight
  9612 | Bailey   | Killed an orc knight
  9613 | Bailey   | Reached XP level 10. HP: 9/88 MP: 9/9
 10168 | Bailey   | Noticed an orc knight
 10188 | Bailey   | Killed an orc knight
 10189 | Bailey   | Reached skill level 10 in Armour
 10189 | Bailey   | Reached skill level 1 in Invocations
 10283 | Bailey   | Noticed an orc knight
 10289 | Bailey   | Noticed an orc warlord
 10339 | Bailey   | Demolished by an orc warlord

Illustrated notes

Levels and vault maps discovered:
D:1:      amcnicky_arrival_choice, layout_loops_ring
D:2:      minmay_evil_eye, layout_rooms, serial_aquarium, aquarium_bridge_square
          [aquarium_subvault_wall, aquarium_subvault_wall,
          aquarium_subvault_bridge, aquarium_subvault_wall],
          aquarium_bridge_square [aquarium_subvault_wall,
          aquarium_subvault_bridge, aquarium_subvault_wall,
          aquarium_subvault_bridge], aquarium_window_corridor_2,
          aquarium_window_1, aquarium_window_corner, aquarium_window_2,
          aquarium_view_2c, aquarium_pool_1
D:3:      layout_rooms, serial_undead, serial_undead_a, serial_undead_f,
          serial_undead_d, serial_undead_f, gammafunk_ghost_arena,
          minmay_statues_item
D:4:      layout_loops_ring, minmay_temple_entry_arrows, bh_walls_and_bars
D:5:      layout_basic, lemuel_tele_altar, serial_rivers,
          chequers_serial_rivers_room_b, chequers_serial_rivers_small_3,
          chequers_serial_rivers_micro_b, chequers_serial_rivers_micro_b,
          uniq_sigmund, uniq_duvessa
D:6:      minmay_skewed_foursquare, layout_gridville,
          nicolae_uskayaw_dance_studio, tso_oasis_becter
D:7:      layout_loops_ring, mainiacjoe_overflow_six_doors_small,
          mainiacjoe_overflow_small_starburst, chequers_ossuary_entry_cave,
          enter_bailey_3, kennysheep_generic_room_8, uniq_pikel, uniq_harold,
          uniq_menkaure, uniq_joseph
Temple:   nicolae_temple_elliptical
Bailey:   bailey_axe_minmay_hex_keep, bailey

Skill      XL: |  1  2  3  4  5  6  7  8  9 10 |
---------------+-------------------------------+-----
Shields        | 4 5 6 7 |  7.0
Fighting       | 4 5 6 7 8 |  8.0
Armour         | 4 5 6 8 9 10 | 10.3
Long Blades    | 3 4 5 6 7 9 11 | 11.8
Dodging        | 1 2 |  2.1
Invocations    | 1 |  1.7
Stealth        | |  0.9

Action                   |  1- 3 |  4- 6 |  7- 9 | 10-12 || total
-------------------------+-------+-------+-------+-------++-------
Melee: Long sword        |    95 |   119 |   393 |    61 ||   668
       Headbutt          |    12 |    25 |    84 |    12 ||   133
Invok: Heroism           |       |       |     8 |     6 ||    14
  Use: Scroll            |       |       |    17 |     1 ||    18
       Potion            |       |       |     4 |     3 ||     7
Armor: Scale mail        |    26 |       |       |       ||    26
       Plate armour      |    35 |    97 |    29 |       ||   161
       Chain mail        |       |       |   139 |    17 ||   156
Dodge: Dodged            |    32 |    33 |   112 |    15 ||   192
Block: Buckler           |    25 |    42 |    88 |    11 ||   166
